 Dungeon Crawl Stone Soup version 0.29.1 (webtiles) character file.

Game seed: 9259801945831105922

2335 Hubris850 the Magician (level 9, -4/61 (68) HPs)
             Began as a Pale Draconian Ice Elementalist on Sept 14, 2022.
             Was a Believer of Okawaru.
             Slain by a wight
             ... wielding a +2 battleaxe
              (8 damage)
             ... on level 8 of the Dungeon.
             The game lasted 00:23:55 (6933 turns).

Hubris850 the Magician (DrIE)                       Turns: 6933, Time: 00:23:55

HP:   -4/61 (68)    AC:  9    Str: 10    XL:     9   Next: 19%
MP:   26/26         EV: 13    Int: 29    God:    Okawaru [**....]
Gold: 311           SH:  5    Dex: 17    Spells: 8/19 levels left

rFire   . . .      SeeInvis .   a - +5 dagger "Dudwyruwk" {drain, MP+9 Dex+2}
rCold   . . .      Faith    .   (no shield)
rNeg    . . .      Spirit   .   (body armour unavailable)
rPois   .          Reflect  +   (helmet restricted)
rElec   .          Harm     .   A - +0 cloak
rCorr   .          Rampage  .   z - +0 pair of gloves
Will    +....                   (no boots)
Stlth   ++........              x - amulet of reflection
HPRegen 0.20/turn               G - +6 ring of intelligence
MPRegen 0.20/turn               t - +6 ring of intelligence

@: heavily drained
A: breathe steam, AC +7, unfitting armour, cold-blooded, steam resistance,
hooves 1, strong-willed 1, robust 1
a: Breathe Steam, Renounce Religion, Heroism


You were on level 8 of the Dungeon.
You worshipped Okawaru.
Okawaru was pleased with you.
You visited 2 branches of the dungeon, and saw 9 of its levels.

You collected 311 gold pieces.

Inventory:

Hand Weapons
 a - the +5 dagger "Dudwyruwk" (weapon) {drain, MP+9 Dex+2}
   (You found it on level 4 of the Dungeon)

   A truly terrible weapon, it drains the life of any living foe it strikes.
   Dex:       It affects your dexterity (+2).
   MP:        It affects your magic capacity (+9).
 b - a +0 dagger
 d - a +0 short sword
 y - a +2 dagger of chaos
 E - a +2 dagger of venom
Missiles
 u - a throwing net
 v - 4 boomerangs
 B - 14 poisoned darts
Armour
 z - a +0 pair of gloves (worn)
 A - a +0 cloak (worn)
Jewellery
 j - a ring of protection from fire
 t - a +6 ring of intelligence (right hand)
 x - an amulet of reflection (around neck)
 G - a +6 ring of intelligence (left hand)
 I - a ring of fire
Wands
 c - a wand of polymorph (10)
 k - a wand of flame (18)
Scrolls
 e - a scroll of summoning
 g - 4 scrolls of blinking
 h - 2 scrolls of poison {unknown}
 l - a scroll of vulnerability
 m - a scroll of teleportation
 n - 2 scrolls of fear {unknown}
 p - 2 scrolls of enchant weapon
 r - a scroll of silence {unknown}
 s - a scroll of immolation {unknown}
 w - 2 scrolls of butterflies {unknown}
 F - a scroll of magic mapping {unknown}
 J - a scroll of identify
Potions
 f - 2 potions of ambrosia {unknown}
 i - 3 potions of curing
 o - a potion of lignification
 q - 2 potions of haste {unknown}
 C - 4 potions of heal wounds
 D - a potion of resistance {unknown}
 H - a potion of might


   Skills:
 + Level 5.9 Short Blades
 - Level 3.7 Dodging
 - Level 3.0 Stealth
 + Level 5.9 Spellcasting
 + Level 2.6 Conjurations
 - Level 4.4 Ice Magic
 + Level 4.9 Invocations
 + Level 4.9 Evocations


You had 8 spell levels left.
You knew the following spells:

 Your Spells              Type           Power      Damage    Failure   Level
a - Freeze                Ice            100%       1d11      1%          1
b - Frozen Ramparts       Ice            68%        1d11      2%          3
c - Ozocubu's Armour      Ice            34%        N/A       2%          3
d - Hailstorm             Conj/Ice       29%        3d8       13%         4

Your spell library contained the following spells:

 Spells                   Type           Power      Damage    Failure   Level
 Beastly Appendage        Tmut           16%        N/A       6%          1
 Wereblood                Tmut           8%         N/A       9%          2
 Spider Form              Tmut/Pois      8%         N/A       17%         3
 Iskenderun's Battlesphe  Conj           24%        2d8       45%         5
 Iron Shot                Conj/Erth      8%         9d3       99%         6
 Spellforged Servitor     Conj/Summ      Unusable   N/A       N/A         7

Dungeon Overview and Level Annotations

Branches:
Dungeon (8/15)             Temple (1/1) D:4
   Lair: D:8-11

Altars:
Dithmenos
Elyvilon
Fedhas
Gozag
Hepliaklqana
Kikubaaqudgha
Makhleb
Nemelex Xobeh
Okawaru
Ru
Sif Muna
Trog
Uskayaw
Vehumet
Wu Jian
Xom
Yredelemnul
Zin
The Shining One

Shops:
D:4 (


Innate Abilities, Weirdness & Mutations

You can breathe blasts of scalding, opaque steam.
Your pale cyan-grey scales are hard. (AC +7)
You cannot fit into any form of body armour.
You are cold-blooded and may be slowed by cold attacks.
You are immune to the effects of steam.
You have large cloven feet.
You are strong-willed. (Will+)
You are robust. (+10% HP)


Message History

The wight is lightly damaged.
You hit the wight.
The wight is moderately damaged.
You block the wight's attack. The wight barely misses you.
The wight hits you with a +3 dagger.
You feel drained.
You hit the wight. You tail-slap the wight.
The wight is almost destroyed.
You block the wight's attack.
The wight hits you with a +3 short sword of freezing!
You feel drained. The wight freezes you. The wight barely misses you.
The wight hits you with a +3 dagger.
You barely miss the wight.
The wight is almost destroyed.
You hit the wight.
You tail-slap the wight, but do no damage.
The wight is almost destroyed.
The wight hits you with a +2 battleaxe.
You feel drained.
The wight hits you with a +3 short sword of freezing.
The wight freezes you.
The wight hits you but does no damage. x2
You barely miss the wight. You kick the wight, but do no damage.
The wight is almost destroyed.
The wight hits you with a +3 short sword of freezing.
You feel drained.
You feel yourself slow down. The wight freezes you.
The wight closely misses you. The wight hits you with a +3 dagger.
* * * LOW HITPOINT WARNING * * *
The wight closely misses you. The wight completely misses you. x2
The wight attacks as you move away! The wight completely misses you.
The wight attacks as you move away! The wight closely misses you.
You feel yourself speed up. The wight hits you with a +2 battleaxe!
* * * LOW HITPOINT WARNING * * *
You feel drained. The wight attacks as you move away!
The wight hits you but does no damage. The wight attacks as you move away!
You block the wight's attack. x2
The wight attacks as you move away! The wight hits you with a +3 dagger.
* * * LOW HITPOINT WARNING * * *
The wight attacks as you move away! The wight closely misses you.
The wight attacks as you move away! The wight hits you with a +2 battleaxe!
You die...

. ........ .
....... #....... #
#.#.........
#.#.#.........
..... ...... #..#
...... ##
###@##.....#
#.##.zz#......#
#....zz.......#
##..............
###......†........
....[.............
..................
.......<..........
?.................


You could see 4 wights.

Vanquished Creatures
  The ghost of ragingrage the Chopper, an amateur PaFi (D:4)
  Prince Ribbit (D:6)
  Sigmund (D:2)
  A steam dragon (D:6)
  A water moccasin (D:6)
  Duvessa (D:6)
  An ogre (D:5)
  A phantom (D:4)
  Blork the orc (D:5)
  2 necrophages
  2 bullfrogs
  2 scorpions (D:6)
  Dowan (D:6)
  4 crimson imps (D:3)
  2 orc priests
  3 hounds
  Jessica (D:2)
  6 iguanas
  3 orc wizards
  2 gnolls (D:2)
  13 adders
  A white imp (D:5)
  An ufetubus (D:6)
  A worm (D:2)
  A dart slug (D:1)
  20 orcs
  5 endoplasms
  3 giant cockroaches
  6 goblins
  3 hobgoblins
  6 quokkas (D:2)
  7 ball pythons
  4 bats
  3 frilled lizards
  8 kobolds
  10 rats
129 creatures vanquished.

Vanquished Creatures (others)
  8 plants (D:2)
8 creatures vanquished.

Grand Total: 137 creatures vanquished

Notes
Turn   | Place    | Note
-------+----------+-------------------------------------------
     0 | D:1      | Hubris850 the Draconian Ice Elementalist began the quest
                  | for the Orb.
     0 | D:1      | Reached XP level 1. HP: 14/14 MP: 3/3
   365 | D:1      | Reached XP level 2. HP: 20/20 MP: 5/5
  1071 | D:1      | Found a faded altar of an unknown god.
  1402 | D:1      | Reached skill level 1 in Short Blades
  1402 | D:1      | Reached XP level 3. HP: 13/26 MP: 2/6
  1565 | D:1      | Learned a level 3 spell: Frozen Ramparts
  2037 | D:2      | Reached XP level 4. HP: 33/33 MP: 7/7
  2253 | D:2      | Noticed Jessica
  2278 | D:2      | HP: 1/33 [Jessica/nerve-wracking pain (11)]
  2284 | D:2      | Killed Jessica
  2850 | D:2      | Learned a level 3 spell: Ozocubu's Armour
  2880 | D:2      | Noticed Sigmund
  2882 | D:2      | Gained mutation: You have large cloven feet. [potion of
                  | mutation]
  2882 | D:2      | Gained mutation: You are robust. (+10% HP) [potion of
                  | mutation]
  2882 | D:2      | Gained mutation: You are strong-willed. (Will+) [potion of
                  | mutation]
  2939 | D:2      | Killed Sigmund
  2940 | D:2      | Reached XP level 5. HP: 34/41 MP: 1/10
  2940 | D:2      | Reached XP level 6. HP: 41/49 MP: 1/11
  3407 | D:3      | Found a sparkling altar of Nemelex Xobeh.
  3856 | D:3      | Found a shimmering altar of Xom.
  4184 | D:4      | Found a burning altar of Makhleb.
  4253 | D:4      | Found a staircase to the Ecumenical Temple.
  4258 | Temple   | Entered the Ecumenical Temple
  4327 | Temple   | Became a worshipper of Warmaster Okawaru
  4366 | D:4      | Found a runed translucent door.
  4379 | D:4      | Noticed ragingrage's ghost (amateur PaFi)
  4401 | D:4      | Your scales start taking on a pale cyan-grey colour.
  4401 | D:4      | Reached XP level 7. HP: 51/55 MP: 13/13
  4401 | D:4      | Gained mutation: You are immune to the effects of steam.
                  | [Pale Draconian growth]
  4459 | D:4      | Identified the +5 dagger "Dudwyruwk" {drain, MP+9 Dex+2}
  4849 | D:4      | Found Lauvid's Weapon Emporium.
  4862 | D:4      | Reached skill level 1 in Invocations
  4862 | D:4      | Reached skill level 1 in Evocations
  5108 | D:4      | Killed ragingrage's ghost
  5173 | D:5      | Entered Level 5 of the Dungeon
  5218 | D:5      | Found a glowing golden altar of the Shining One.
  5240 | D:5      | Learned a level 4 spell: Hailstorm
  5381 | D:5      | Reached * piety under Okawaru
  5382 | D:5      | Reached XP level 8. HP: 28/62 MP: 15/15
  5867 | D:5      | Noticed Blork the orc
  5877 | D:5      | Killed Blork the orc
  5878 | D:5      | Reached skill level 5 in Spellcasting
  6147 | D:5      | Found an opulent altar of Gozag.
  6292 | D:6      | Reached skill level 5 in Short Blades
  6508 | D:6      | Noticed Duvessa
  6508 | D:6      | Noticed Dowan
  6523 | D:6      | Killed Duvessa
  6524 | D:6      | Reached skill level 1 in Conjurations
  6542 | D:6      | Killed Dowan
  6542 | D:6      | Reached ** piety under Okawaru
  6760 | D:6      | Found a glowing silver altar of Zin.
  6818 | D:6      | Noticed Prince Ribbit
  6821 | D:6      | Killed Prince Ribbit
  6822 | D:6      | Reached XP level 9. HP: 68/68 MP: 17/17
  6899 | D:6      | You fall into a shaft and drop 1 floor!
  6899 | D:7      | Found a bloodstained altar of Trog.
  6933 | D:8      | Slain by a wight

Illustrated notes

Levels and vault maps discovered:
D:1:      evilmike_arrival_home_sweet_home, layout_basic,
          hellmonk_ecumenical_altar_prayer_group
D:2:      wad_woods_tower, layout_loops_corners, kennysheep_jessica_study,
          uniq_sigmund
D:3:      layout_loops_ring, led_xom_imps, nemelex_diamond_rough_becter,
          amethyst_killhole, grunt_decor_one_mirror
D:4:      layout_loops_cross, bloody_makhleb, temple_doors_e, serial_shops,
          nicolae_shop_bloodbath_and_beyond, ebering_ghost_sewer_d
D:5:      layout_loops_ring, old_standard_altar, mainiacjoe_overflow_brackets,
          uniq_blork_the_orc
D:6:      cheibrodos_helix_gallery, layout_basic, zin_academy, uniq_duvessa,
          uniq_prince_ribbit1
D:7:      layout_rooms, nicolae_overflow_hidden_temple,
          grunt_temple_overflow_open, serial_shops, nicolae_shop_behind_doors,
          grunt_decor_fettered
D:8:      layout_cave_pools, serial_shops, nicolae_shop_trees, uniq_joseph
Temple:   hellmonk_temple_two_chambers

Skill      XL: |  1  2  3  4  5  6  7  8 |
---------------+-------------------------+-----
Stealth        | 2 3 |  3.0
Dodging        | 2 3 |  3.7
Short Blades   | 1 2 3 4 5 |  5.9
Spellcasting   | 3 4 5 |  5.9
Invocations    | 2 4 |  4.9
Evocations     | 2 4 |  4.9
Conjurations   | 2 |  2.6
Ice Magic      | |  4.4

Action                   |  1- 3 |  4- 6 |  7- 9 || total
-------------------------+-------+-------+-------++-------
Melee: Dagger            |    10 |     7 |   165 ||   182
       Short sword       |    97 |    52 |       ||   149
       Unarmed           |     2 |       |       ||     2
       Tailslap          |    14 |     3 |    19 ||    36
       Punch             |     1 |     1 |       ||     2
       Kick              |       |     8 |    46 ||    54
Throw: Boomerang         |       |     1 |       ||     1
 Cast: Freeze            |    16 |     4 |       ||    20
       Frozen Ramparts   |     1 |    14 |    10 ||    25
       Ozocubu's Armour  |       |       |     6 ||     6
 Abil: Breathe Steam     |       |       |    11 ||    11
  Use: Scroll            |     1 |     5 |       ||     6
       Potion            |       |     9 |       ||     9
 Stab: Sleeping          |     8 |     4 |     5 ||    17
Armor: Skin              |    40 |    12 |    35 ||    87
Dodge: Dodged            |    75 |    26 |    73 ||   174
Block: Other             |       |     2 |    20 ||    22
